 Dungeon Crawl Stone Soup version 0.20.1-1-g8b1a95d (webtiles) character file.

22 Internecine the Skirmisher (level 2, -2/28 HPs)
             Began as a Draconian Wanderer on Oct 3, 2017.
             Slain by a jackal (3 damage)
             ... on level 1 of the Dungeon.
             The game lasted 00:05:49 (841 turns).

Internecine the Skirmisher (Draconian Wanderer)      Turns: 841, Time: 00:05:50

Health: -2/28      AC:  4    Str: 18    XL:     2   Next: 68%
Magic:  2/2        EV: 11    Int: 11    God:
Gold:   42         SH:  0    Dex:  7    Spells: 1/1 levels left

rFire    . . .     SeeInvis .   c - +0 shortbow
rCold    . . .     Gourm    .   (shield currently unavailable)
rNeg     . . .     Faith    .   (armour unavailable)
rPois    .         Spirit   .   (helmet restricted)
rElec    .         Reflect  .   (no cloak)
rCorr    .         Harm     .   (no gloves)
MR       .....                  (no boots)
Stlth    +.........             (no amulet)
Regen    0.1/turn               l - ring of flight
MPRegen  0.1/turn               (no ring)

@: no status effects
A: unfitting armour, cold-blooded, AC +4
a: Evoke Flight


You were on level 1 of the Dungeon.
You were not hungry.

You visited 1 branch of the dungeon, and saw 2 of its levels.

You collected 42 gold pieces.

Inventory:

Hand Weapons
 a - a +2 dagger
 c - a +0 shortbow (weapon)
 e - a +0 mace
 k - a +0 hunting sling
Missiles
 d - 7 arrows (quivered)
 h - 66 stones
 m - 21 bolts
Jewellery
 l - a ring of flight (left hand)
Scrolls
 b - a scroll of fear
 j - a scroll of random uselessness {unknown}
Potions
 g - 2 potions of flight {unknown}
Comestibles
 f - a bread ration
 i - a chunk of flesh


   Skills:
 + Level 4.8 Fighting
 + Level 3.1 Maces & Flails
 + Level 1.1 Bows
   Level 1.0 Crossbows
 + Level 0.1 Dodging
 + Level 1.7 Stealth


You had one spell level left.
You didn't know any spells.

Dungeon Overview and Level Annotations

Branches:
Dungeon (2/15)

Altars:


Innate Abilities, Weirdness & Mutations

Your plain brown scales are hard. (AC +4)
You cannot fit into any form of body armour.
You are cold-blooded and may be slowed by cold attacks.


Message History

Aim: a jackal (moderately wounded)
You shoot an arrow. The arrow barely misses the jackal.
The jackal bites you but does no damage.
The jackal closely misses you. The jackal bites you.
* * * LOW HITPOINT WARNING * * *
The jackal barely misses you.
Firing (i - inventory. (,) - cycle):
d - 8 arrows (quivered)
Press: ? - help, Shift-Dir - straight line, f/p - jackal
Aim: a jackal (moderately wounded)
You shoot an arrow. The arrow hits the jackal.
The jackal is heavily wounded.
The jackal closely misses you. The jackal bites you.
* * * LOW HITPOINT WARNING * * *
The jackal bites you but does no damage.
The jackal closely misses you. The jackal closely misses you.
Things that are here:
a club; a hobgoblin corpse The jackal bites you.
You die...

## #.#.#### ###### ### .######
##.#.################# ........
#....#.(.............. ..######
#.#######.############## #.#
#...........# # #.##
#########.#.# # #..# ######.#.# #
#..##########...##g#.############
..).............@hh.............)
#...#####'##....####.############
#.#.##.....#.###...#.#
...............'...#.#
..##.#.......###...#.#
..##.........#.#...#.#
..###........).......#
#.###......#.####.####
#.......#.........#


You could see 2 jackals and a hobgoblin.

Vanquished Creatures
  An ooze (D:1)
  A dart slug (D:1)
  2 goblins (D:1)
  2 hobgoblins (D:1)
  A ball python (D:1)
  3 bats (D:1)
  2 frilled lizards (D:1)
  A kobold (D:1)
  4 rats (D:1)
17 creatures vanquished.

Notes
Turn   | Place    | Note
-------+----------+-------------------------------------------
     0 | D:1      | Internecine the Draconian Wanderer began the quest for the Orb.
     0 | D:1      | Internecine set off with: a +2 dagger, a scroll of fear, a +0 shortbow, 25 arrows, a +0 mace, a bread ration
     0 | D:1      | Reached XP level 1. HP: 22/22 MP: 1/1
   273 | D:1      | Reached XP level 2. HP: 27/28 MP: 2/2
   666 | D:1      | Reached skill level 1 in Bows
   839 | D:1      | HP: 1/28 [jackal (2)]
   841 | D:1      | Slain by a jackal

Skill      XL: |  1  2 |
---------------+-------+-----
Bows           | 1 |  1.1
Fighting       | |  4.8
Maces & Flails | |  3.1
Crossbows      | |  1.0
Dodging        | |  0.1
Stealth        | |  1.7

Action                   || total
-------------------------++-------
 Fire: Shortbow          ||    66
Armor: Skin              ||    21
Dodge: Dodged            ||    48
